 Dungeon Crawl Stone Soup version 0.28-a0-8-g6e044cfa68 (webtiles) character file.

Game seed: 7321380778972169594

384558 kekkuli the Warrior (level 21, -4/202 HPs)
             Began as a Yellow Draconian Ice Elementalist on July 23, 2021.
             Was the Champion of Vehumet.
             Slain by a +3 glaive of freezing (23 damage)
             ... on level 2 of the Elven Halls on July 24, 2021.
             The game lasted 04:32:05 (47395 turns).

kekkuli the Warrior (DrIE)                         Turns: 47395, Time: 04:32:08

Health: -4/202     AC: 27    Str: 17    XL:     21   Next: 97%
Magic:  29/37      EV: 16    Int: 27    God:    Vehumet [******]
Gold:   628        SH: 15    Dex: 15    Spells: 3/44 levels left

rFire   . . .      SeeInvis .   a - +10 demon trident of Painful Death {flame, Str+4 Int+4}
rCold   . . .      Faith    .   t - +1 kite shield {AC+3}
rNeg    . . .      Spirit   .   (armour unavailable)
rPois   .          Reflect  .   O - +2 hat {Stlth+}
rElec   .          Harm     .   I - +2 cloak {Will+}
rCorr   +          Rampage  .   q - +2 pair of gloves {Dex+3}
Will    +++..                   p - +0 pair of boots
Stlth   ++++......              C - amulet of regeneration
HPRegen 1.43/turn               H - ring of willpower
MPRegen 0.25/turn               b - +4 ring of protection

@: lethally poisoned (-4 -> -5), short of breath, slowed, very slow
A: spit acid, AC +11, unfitting armour, acidic bite, cold-blooded, acid
resistance
}: 2/15 runes: barnacled, gossamer
a: Breathe Acid, Renounce Religion


You were on level 2 of the Elven Halls.
You worshipped Vehumet.
Vehumet was exalted by your worship.
You visited 8 branches of the dungeon, and saw 38 of its levels.
You visited 2 bazaars.
You also visited: Ossuary, Gauntlet and Wizlab.

You collected 4213 gold pieces.
You spent 3585 gold pieces at shops.

Inventory:

Hand Weapons
 a - the +10 demon trident of Painful Death (weapon) {flame, Str+4 Int+4}
   (You took it off a minotaur in a Gauntlet)

   It burns those it strikes, dealing additional fire damage.
   Str:       It affects your strength (+4).
   Int:       It affects your intelligence (+4).
 w - the +10 flail "Apytz" {vorpal, *Slow rF++ rC- rN+++}
   (You found it on level 6 of the Dungeon)

   It inflicts extra damage upon your enemies.
   rF:        It greatly protects you from fire.
   rC:        It makes you vulnerable to cold.
   rN:        It renders you almost immune to negative energy.
   *Slow:     It may slow you when you take damage.
Missiles
 L - 7 boomerangs of dispersal
 P - 3 throwing nets
Armour
 p - a +0 pair of boots (worn)
 q - a +2 pair of gloves of dexterity (worn)
 t - a +1 kite shield of protection (worn)
 I - a +2 cloak of willpower (worn)
 O - a +2 hat of stealth (worn)
Jewellery
 b - a +4 ring of protection (right hand)
 h - a ring of see invisible
 C - an amulet of regeneration (around neck)
 E - a ring of protection from fire
 H - a ring of willpower (left hand)
 Q - a ring of protection from cold
 W - the ring "Festralio" {rPois Str+5 Dex-2 Slay+4}
   (You found it on level 11 of the Dungeon)

   [ring of slaying]

   Str:       It affects your strength (+5).
   Dex:       It affects your dexterity (-2).
   Slay:      It affects your accuracy & damage with ranged weapons and melee
   (+4).
   rPois:     It protects you from poison.
Wands
 d - a wand of acid (14)
 r - a wand of iceblast (49) (quivered)
 v - a wand of mindburst (78)
 z - a wand of charming (8)
 M - a wand of digging (12)
 V - a wand of paralysis (17)
Scrolls
 g - 4 scrolls of vulnerability
 i - a scroll of summoning
 j - 3 scrolls of holy word
 k - 11 scrolls of fear
 m - 2 scrolls of fog
 o - 22 scrolls of teleportation
 y - 6 scrolls of blinking
 A - 7 scrolls of immolation
 B - 3 scrolls of enchant armour
 F - 5 scrolls of magic mapping
 N - a scroll of torment
Potions
 c - 2 potions of magic
 e - 11 potions of heal wounds
 l - 10 potions of mutation
 n - 6 potions of haste
 s - 17 potions of curing
 u - 6 potions of might
 D - 4 potions of attraction
 G - 10 potions of flight
 J - 5 potions of lignification
 K - 5 potions of ambrosia
 R - 2 potions of brilliance
 S - 2 potions of berserk rage
 T - 3 potions of invisibility
 U - 3 potions of resistance
 X - 4 potions of cancellation
Miscellaneous
 x - a condenser vane
 Y - a phantom mirror
 Z - a tin of tremorstones (2/2)


   Skills:
 + Level 20.5 Fighting
 - Level 14.0 Polearms
 - Level 8.0 Dodging
 + Level 4.9 Stealth
 - Level 15.0 Shields
 - Level 12.0 Spellcasting
 - Level 11.7 Conjurations
 + Level 12.2 Necromancy
 - Level 10.0 Ice Magic
 - Level 6.0 Air Magic
 - Level 12.0 Earth Magic
 + Level 7.3 Evocations


You had 3 spell levels left.
You knew the following spells:

 Your Spells              Type           Power      Damage    Failure   Level
a - Freeze                Ice            100%       1d11      1%          1
b - Frozen Ramparts       Ice            100%       1d12      1%          3
c - Freezing Cloud        Conj/Ice/Air   30%        6-21      1%          5
d - Ozocubu's Armour      Ice            63%        N/A       1%          3
e - Hailstorm             Conj/Ice       66%        3d14      1%          4
f - Animate Dead          Necr           35%        N/A       1%          4
g - Ensorcelled Hibernat  Hex/Ice        86%        N/A       1%          2
h - Death Channel         Necr           35%        N/A       3%          6
i - Blink                 Tloc           N/A        N/A       5%          2
j - Dispel Undead         Necr           70%        3d24      1%          4
x - Iron Shot             Conj/Erth      34%        9d7       1%          6
z - Animate Skeleton      Necr           100%       N/A       1%          1

Your spell library contained the following spells:

 Spells                   Type           Power      Damage    Failure   Level
 Lehudib's Crystal Spear  Conj/Erth      34%        10d9      41%         8
 Maxwell's Capacitive Co  Air            24%        ∞         98%         8
 Chain Lightning          Conj/Air       29%        3d39      100%        9
 Foxfire                  Conj/Fire      100%       2x1d9     1%          1
 Magic Dart               Conj           100%       1d8       1%          1
 Pain                     Necr           100%       1d9       1%          1
 Corpse Rot               Necr/Air       N/A        N/A       1%          2
 Passwall                 Tmut/Erth      40%        N/A       1%          2
 Poisonous Vapours        Pois/Air       64%        N/A       1%          2
 Conjure Flame            Conj/Fire      48%        6-21      1%          3
 Dazzling Flash           Conj/Hex       96%        N/A       1%          3
 Mephitic Cloud           Conj/Pois/Air  48%        N/A       1%          3
 Stone Arrow              Conj/Erth      100%       3d13      1%          3
 Swiftness                Air            48%        N/A       1%          3
 Vampiric Draining        Necr           35%        2d11      1%          3
 Beastly Appendage        Tmut           32%        N/A       3%          1
 Corona                   Hex            17%        N/A       3%          1
 Inner Flame              Hex/Fire       16%        N/A       3%          3
 Call Imp                 Summ           16%        N/A       5%          2
 Slow                     Hex            16%        N/A       5%          2
 Wereblood                Tmut           16%        N/A       5%          2
 Confusing Touch          Hex            16%        N/A       11%         3
 Spider Form              Tmut/Pois      8%         N/A       11%         3
 Tukima's Dance           Hex            16%        N/A       11%         3
 Fulminant Prism          Conj/Hex       24%        3d13      1%          4
 Agony                    Necr           70%        N/A       1%          5
 Bolt of Magma            Conj/Fire/Erth 28%        4d13      1%          5
 Iskenderun's Battlesphe  Conj           68%        2d12      1%          5
 Lightning Bolt           Conj/Air       29%        1d46      1%          5
 Fireball                 Conj/Fire      24%        3d11      2%          5
 Irradiate                Conj/Tmut      24%        3d22      2%          5
 Leda's Liquefaction      Hex/Erth       24%        N/A       3%          4
 Petrify                  Tmut/Erth      48%        N/A       3%          4
 Conjure Ball Lightning   Conj/Air       29%        3x3d8     4%          6
 Simulacrum               Ice/Necr       33%        N/A       5%          6
 Orb of Destruction       Conj           34%        9d12      7%          7
 Olgreb's Toxic Radiance  Pois           16%        N/A       10%         4
 Metabolic Englaciation   Hex/Ice        21%        N/A       12%         5
 Starburst                Conj/Fire      24%        8x6d8     13%         6
 Ozocubu's Refrigeration  Ice            31%        4d11      13%         7
 Yara's Violent Unravell  Hex/Tmut       8%         3d5       24%         5
 Silence                  Hex/Air        16%        N/A       28%         5
 Statue Form              Tmut/Erth      32%        N/A       41%         6
 Blade Hands              Tmut           8%         N/A       67%         5
 Manifold Assault         Tloc           16%        N/A       67%         5
 Borgnjor's Revivificati  Necr           35%        N/A       83%         8
 Infestation              Necr           35%        N/A       83%         8
 Haunt                    Necr/Summ      24%        N/A       94%         7
 Invisibility             Hex            8%         N/A       99%         6
 Shatter                  Erth           34%        3d28*     99%         9
 Dragon Form              Tmut           8%         N/A       100%        7
 Storm Form               Tmut/Air       16%        N/A       100%        7
 Discord                  Hex            8%         N/A       100%        8
 Disjunction              Tloc           8%         N/A       100%        8
 Ignition                 Fire           8%         3d5       100%        8
 Necromutation            Tmut/Necr      24%        N/A       100%        8
 Death's Door             Necr           35%        N/A       100%        9
 Animate Armour           Summ/Erth      Unusable   N/A       N/A         4

Dungeon Overview and Level Annotations

Branches:
Dungeon (15/15)            Temple (1/1) D:5            Lair (6/6) D:11
 Shoals (4/4) Lair:4       Spider (4/4) Lair:4        Slime (0/5) Lair:5
    Orc (2/2) D:11            Elf (2/3) Orc:2        Vaults (4/5) D:13
  Crypt (0/3) Vaults:2     Depths (0/5) D:15        Ossuary (visited)
 WizLab (visited)         Gauntlet (visited)

Altars:
Ashenzari
Cheibriados
Dithmenos
Elyvilon
Fedhas
Gozag
Hepliaklqana
Kikubaaqudgha
Makhleb
Nemelex Xobeh
Okawaru
Qazlal
Ru
Sif Muna
Trog
Uskayaw
Vehumet
Wu Jian
Xom
Yredelemnul
Zin
The Shining One
Beogh
Jiyva

Shops:
D:8 *   D:9 ?   Orc:1 =   Orc:2 !==[**   Vaults:2 ((

Portals:
Trove: Vaults:4 (show slimy rune of Zot)

Annotations:
Lair:1 2 transporters
Lair:5 1 runed translucent door
Orc:2 3 runed translucent doors, Tempus's ghost, journeyman DECj
Elf:2 1 transporter, Puph's ghost, adept DrCj


Innate Abilities, Weirdness & Mutations

You can spit globs of acid.
Your golden yellow scales are hard. (AC +11)
You cannot fit into any form of body armour.
You have acidic saliva.
You are cold-blooded and may be slowed by cold attacks.
You are resistant to acid. (rCorr)


Message History

The +3 halberd of protection hits you but does no damage.
The +0 trident of holy wrath is engulfed in freezing vapours.
The +0 trident of holy wrath resists.
The wall freezes the +0 trident of holy wrath.
You block the +0 trident of holy wrath's attack.
Puph's ghost is engulfed in freezing vapours.
The wall freezes Puph's ghost.
Puph's ghost hits you but does no damage.
The +3 glaive of freezing is engulfed in freezing vapours.
The +3 glaive of freezing completely resists.
The wall freezes the +3 glaive of freezing but does no damage.
The +3 glaive of freezing hits you from afar!
You feel yourself slow down. The +3 glaive of freezing freezes you.
Your icy armour and frozen ramparts will break if you move.
Continue?
Your icy armour cracks and falls away as you move.
The frozen ramparts melt away as you move.
You feel very sick.
You are more poisoned.
The +3 glaive of freezing is engulfed in freezing vapours.
Puph's ghost is engulfed in freezing vapours.
Puph's ghost casts a spell at you.
The fireball explodes!
The fireball engulfs you!!
* * * LOW HITPOINT WARNING * * *
You feel yourself speed up.
You feel very sick.
Blink to where?
Press: ? - help, Dir - move target
As you read the scroll of blinking, it crumbles to dust.
You feel sick.
The +3 glaive of freezing is no longer covered in acid.
The +3 glaive of freezing hits you from afar!!
* * * LOW HITPOINT WARNING * * *
You feel yourself slow down. The +3 glaive of freezing freezes you.
* * * LOW HITPOINT WARNING * * *
You feel much better.
You feel sick.
* * * LOW HITPOINT WARNING * * *
You are more poisoned.
Puph's ghost's toxic aura wanes.
The +1 vorpal flail hits you!
* * * LOW HITPOINT WARNING * * *
x2 The +3 glaive of freezing hits you from afar!!
You die...

.#...##..#########.....#........#
.#...#..##.....W.##....#.........
.#...#..#8.##.##.8#....#.........
.#...#..#..##.##.[#....#.........
.#......#..((....$#....#.........
.#.....©#....©.e(!#©...#.........
.#...#..#°.....($!#....#.........
.#...##.#..##.##(:#....#.........
.#......#8.##.##@8#....#.........
.'......##......©##....'.........
.#.......#########.....#.(.......
.#######...........#####.......>.
.................................
....)........(...................
.#######################........)
.#.....................#......)..
.#.....................#.........


You could see a deep elf archer (repels missiles), 3 dancing weapons and Puph's
ghost.

Vanquished Creatures
  An ancient lich (WizLab)
  Mara (Vaults:3)
  Arachne (Spider:3)
  A deep elf blademaster (Elf:2)
  A tentacled monstrosity (Vaults:2)
  A kraken (Shoals:4)
  3 sphinxes (Vaults:3)
  An ancient champion (WizLab)
  A tengu reaver (Vaults:3)
  Donald (Spider:4)
  11 vault wardens
  3 ghost moths
  Aizul (Vaults:4)
  6 emperor scorpions
  5 war gargoyles
  17 ironbound preservers
  8 very ugly things
  A deep elf annihilator (Elf:1)
  2 deep elf demonologists (Vaults:2)
  4 entropy weavers
  An ettin (D:15)
  A minotaur (Gauntlet)
  3 spark wasps
  A fire dragon (D:10)
  A deep elf death mage (Elf:2)
  The ghost of sn0wgr3 the Fighter, a journeyman GrFi of Okawaru (Lair:3)
  3 merfolk impalers
  A merfolk javelineer (Shoals:4)
  4 ironbound thunderhulks
  11 yaktaur captains
  4 great orbs of eyes
  9 vault guards
  5 centaur warriors
  5 boulder beetles
  5 merfolk avatars
  8 hydras
  2 ogre magi (Orc:2)
  6 merfolk aquamancers
  An alligator snapping turtle (Shoals:4)
  2 catoblepae
  A peacekeeper (Vaults:1)
  An anaconda (shapeshifter) (Vaults:4)
  16 two-headed ogres
  9 ironbound frosthearts
  2 satyrs (Shoals:4)
  23 dancing weapons
  A satyr (shapeshifter) (D:13)
  2 death yaks (Lair:4)
  An orc high priest (Orc:2)
  9 ironbound beastmasters
  16 deep elf knights
  A hell knight (D:15)
  12 skeletal warriors
  A goliath frog (Lair:6)
  A glowing orange brain (Vaults:4)
  A shadow wraith (D:13)
  An orange crystal statue (Gauntlet)
  50 deep trolls
  5 sea snakes
  4 deep elf archers
  18 ironbound convokers
  An obsidian statue (Vaults:1)
  8 wizards
  Pikel (D:6)
  16 harpies
  18 lindwurms
  28 ugly things
  22 deep elf pyromancers
  18 orb spiders
  3 orc knights (D:15)
  19 deep elf zephyrmancers
  6 oklob plants
  13 fauns
  45 wolf spiders
  3 necromancers
  12 cyclopes
  26 manticores
  8 merfolk sirens
  A moth of wrath (Spider:1)
  17 elephants
  A frost giant skeleton (Vaults:2)
  6 black mambas
  7 human skeletons
  A guardian serpent (shapeshifter) (D:13)
  2 gargoyles
  27 cane toads
  A black mamba (shapeshifter) (D:14)
  4 torpor snails
  Joseph (D:8)
  7 water nymphs
  15 vault sentinels
  A kobold demonologist (D:12)
  2 rime drakes
  10 komodo dragons
  An efreet (D:15)
  24 yaktaurs
  Psyche (D:8)
  A yaktaur (shapeshifter) (D:14)
  16 demonic crawlers
  A tengu conjurer (D:13)
  3 yaktaur skeletons (Vaults:2)
  23 merfolk
  5 harpy zombies (Shoals:4)
  5 polar bears
  A meliai (shapeshifter) (D:15)
  12 trolls
  6 wind drakes
  33 jumping spiders
  15 hornets
  A troll (shapeshifter) (Elf:1)
  19 blink frogs
  Prince Ribbit (D:8)
  A blink frog (shapeshifter) (D:14)
  3 tyrant leeches (Lair:6)
  2 dream sheep (Shoals:3)
  7 snapping turtles
  31 slime creatures
  2 elf zombies (Vaults:3)
  2 centaur simulacra (Gauntlet)
  20 water elementals
  3 spriggans (Lair:3)
  2 ettin skeletons (Vaults:2)
  5 vampires
  5 air elementals
  4 wraiths
  3 fire elementals
  50 redbacks
  22 yaks
  32 tarantellas
  Eustachio (D:5)
  7 wyverns
  A chaos spawn (Gauntlet)
  An elf skeleton (Vaults:3)
  Grum (D:9)
  Menkaure (Ossuary)
  13 vampire mosquitoes
  5 wargs
  Edmund (D:5)
  2 two-headed ogre zombies (WizLab)
  2 acid dragons
  11 water moccasins
  A human simulacrum (Vaults:3)
  Duvessa (D:6)
  A floating eye (shapeshifter) (D:13)
  A meliai simulacrum (Gauntlet)
  4 black bears
  3 sky beasts
  26 orc warriors
  An ice beast (D:7)
  A manticore zombie (Shoals:4)
  3 necrophages (D:6)
  24 ogres
  4 boggarts (Vaults:2)
  14 wolves
  20 centaurs
  3 phantoms
  4 kobold brigands
  2 lemures (D:6)
  15 bullfrogs
  A gnoll sergeant (D:9)
  3 earth elementals
  Dowan (D:6)
  A wyvern zombie (D:7)
  A scorpion (D:5)
  A water moccasin skeleton (D:4)
  18 killer bees
  8 troll zombies (WizLab)
  12 wights
  5 electric eels
  A howler monkey (D:12)
  A bullfrog zombie (D:7)
  4 centaur zombies
  15 hounds
  2 jellies
  A wyvern simulacrum (Gauntlet)
  2 lava snakes (D:14)
  24 orc priests
  2 gnoll shamans
  2 bullfrog skeletons
  A centaur skeleton (D:5)
  A scorpion zombie (D:5)
  Ijyb (D:3)
  5 hell rats (Lair:6)
  5 iguanas
  Natasha (thrice) (D:3)
  22 orc wizards
  2 killer bee zombies (D:6)
  3 ogre zombies (WizLab)
  A hound skeleton (D:4)
  3 mummies (Ossuary)
  2 howler monkey zombies
  Robin (D:3)
  19 gnolls
  6 adders
  3 dart slugs
  60 orcs
  5 endoplasms
  4 giant cockroaches
  14 goblins
  9 hobgoblins
  15 jackals
  28 kobolds
  A quokka (D:1)
  4 ball pythons
  A bat (D:3)
  5 frilled lizards
  10 gnoll skeletons (Ossuary)
  7 gnoll zombies (Ossuary)
  5 goblin skeletons (Ossuary)
  4 goblin zombies (Ossuary)
  3 hobgoblin skeletons (Ossuary)
  5 hobgoblin zombies (Ossuary)
  A kobold skeleton (Ossuary)
  A kobold zombie (Ossuary)
  4 orc skeletons (Ossuary)
  4 orc zombies (Ossuary)
  4 rats
  2 rat skeletons (Ossuary)
  4 rat zombies (Ossuary)
  3 tentacles (Shoals:4)
1591 creatures vanquished.

Vanquished Creatures (collateral kills)
  An elephant (Lair:5)
1 creature vanquished.

Vanquished Creatures (others)
  A deep elf zephyrmancer (Elf:1)
  An air elemental (Elf:2)
  23 fungi
  298 plants
  3 tentacles (Shoals:4)
326 creatures vanquished.

Grand Total: 1918 creatures vanquished

Notes
Turn   | Place    | Note
-------+----------+-------------------------------------------
     0 | D:1      | kekkuli the Draconian Ice Elementalist began the quest for
                  | the Orb.
     0 | D:1      | Reached XP level 1. HP: 14/14 MP: 3/3
   353 | D:1      | Reached XP level 2. HP: 22/22 MP: 3/5
   559 | D:1      | Reached skill level 1 in Fighting
   687 | D:1      | Reached XP level 3. HP: 28/28 MP: 6/6
  1026 | D:2      | Reached skill level 1 in Shields
  1516 | D:3      | Learned a level 3 spell: Frozen Ramparts
  1519 | D:3      | Learned a level 2 spell: Ensorcelled Hibernation
  1660 | D:3      | Noticed Robin
  1700 | D:3      | Killed Robin
  1701 | D:3      | Reached XP level 4. HP: 35/35 MP: 3/7
  1787 | D:3      | Noticed Natasha
  1795 | D:3      | Killed Natasha
  1859 | D:3      | Noticed Natasha
  1869 | D:3      | Killed Natasha
  1870 | D:3      | Reached skill level 5 in Ice Magic
  1915 | D:3      | Noticed Natasha
  1922 | D:3      | Killed Natasha
  1923 | D:3      | Reached skill level 2 in Fighting
  1923 | D:3      | Reached XP level 5. HP: 41/41 MP: 4/8
  2000 | D:3      | Noticed Ijyb
  2010 | D:3      | Killed Ijyb
  2770 | D:4      | Found a sand-covered staircase.
  2779 | Ossuary  | Entered an ossuary
  3348 | Ossuary  | Reached XP level 6. HP: 46/50 MP: 10/10
  3387 | Ossuary  | Noticed Menkaure
  3392 | Ossuary  | Killed Menkaure
  3604 | D:4      | Reached skill level 3 in Fighting
  3661 | D:4      | Learned a level 3 spell: Ozocubu's Armour
  3900 | D:4      | Your scales start taking on a golden yellow colour.
  3900 | D:4      | Reached XP level 7. HP: 12/57 MP: 6/12
  3900 | D:4      | Gained mutation: You are resistant to acid. (rCorr) [Yellow
                  | Draconian growth]
  4641 | D:5      | Entered Level 5 of the Dungeon
  4678 | D:5      | Noticed Eustachio
  4691 | D:5      | Killed Eustachio
  4877 | D:5      | Reached skill level 4 in Fighting
  4886 | D:5      | Noticed Edmund
  4900 | D:5      | Killed Edmund
  4901 | D:5      | Reached XP level 8. HP: 54/66 MP: 9/14
  5126 | D:5      | Found a staircase to the Ecumenical Temple.
  5143 | Temple   | Entered the Ecumenical Temple
  5444 | Temple   | Became a worshipper of Vehumet
  6201 | D:6      | Noticed Pikel
  6218 | D:6      | Killed Pikel
  6219 | D:6      | Reached skill level 5 in Fighting
  6219 | D:6      | Reached skill level 5 in Spellcasting
  6219 | D:6      | Reached XP level 9. HP: 69/74 MP: 14/16
  6265 | D:6      | Found a burning altar of Makhleb.
  6397 | D:6      | Reached skill level 5 in Shields
  6526 | D:6      | Reached * piety under Vehumet
  6526 | D:6      | Offered knowledge of Sandblast by Vehumet.
  6644 | D:6      | Noticed Duvessa
  6652 | D:6      | Killed Duvessa
  6653 | D:6      | Reached skill level 6 in Fighting
  6712 | D:6      | Identified the +10 flail "Apytz" {vorpal, *Slow rF++ rC-
                  | rN+++}
  6907 | D:6      | Noticed Dowan
  6910 | D:6      | Killed Dowan
  7810 | D:7      | Reached ** piety under Vehumet
  7826 | D:7      | Reached XP level 10. HP: 84/84 MP: 19/19
  7841 | D:7      | Offered knowledge of Static Discharge by Vehumet.
  7842 | D:7      | Reached skill level 10 in Ice Magic
  7847 | D:7      | Learned a level 4 spell: Hailstorm
  7849 | D:7      | Learned a level 1 spell: Animate Skeleton
  8158 | D:8      | Reached skill level 7 in Fighting
  8222 | D:8      | Noticed Prince Ribbit
  8228 | D:8      | Killed Prince Ribbit
  8229 | D:8      | Reached skill level 1 in Necromancy
  8249 | D:8      | Noticed Joseph
  8262 | D:8      | Killed Joseph
  8562 | D:8      | Noticed Psyche
  8595 | D:8      | Killed Psyche
  8856 | D:8      | Identified 3 scrolls of acquirement
  8857 | D:8      | Acquired a +1 hat of stealth
  8864 | D:8      | Acquired the +5 hand crossbow "Jinom" {elec, rPois rCorr
                  | Str-5 SInv}
  8866 | D:8      | Acquired a +2 cloak of willpower
  9135 | D:8      | Found Cuates's General Store.
  9138 | D:8      | Bought a scroll of identify for 24 gold pieces
  9314 | D:9      | Noticed a two-headed ogre
  9325 | D:9      | Offered knowledge of Stone Arrow by Vehumet.
  9330 | D:9      | Killed a two-headed ogre
  9331 | D:9      | Reached skill level 8 in Fighting
  9420 | D:9      | Noticed Grum
  9427 | D:9      | Killed Grum
  9473 | D:9      | Found Iniecaez's Magic Scroll Boutique.
  9511 | D:9      | Reached *** piety under Vehumet
  9576 | D:9      | Bought a scroll of identify for 24 gold pieces
  9576 | D:9      | Bought a scroll of identify for 24 gold pieces
  9576 | D:9      | Bought a scroll of identify for 24 gold pieces
  9576 | D:9      | Bought a scroll of identify for 24 gold pieces
  9687 | D:9      | Offered knowledge of Sticky Flame by Vehumet.
  9698 | D:9      | Reached skill level 1 in Conjurations
 10042 | D:9      | Reached XP level 11. HP: 92/95 MP: 20/22
 10153 | D:9      | Reached **** piety under Vehumet
 10166 | D:10     | Entered Level 10 of the Dungeon
 10512 | D:10     | Reached skill level 9 in Fighting
 10745 | D:10     | Noticed a two-headed ogre
 10753 | D:10     | Killed a two-headed ogre
 10836 | D:10     | Noticed a centaur warrior
 10844 | D:10     | Killed a centaur warrior
 10844 | D:10     | Offered knowledge of Inner Flame by Vehumet.
 10925 | D:10     | Noticed a fire dragon
 10925 | D:10     | Noticed a centaur warrior
 10944 | D:10     | Killed a fire dragon
 10945 | D:10     | Reached skill level 5 in Conjurations
 10962 | D:10     | Killed a centaur warrior
 11055 | D:10     | Noticed a green ugly thing
 11063 | D:10     | Killed a green ugly thing
 11064 | D:10     | Reached skill level 10 in Fighting
 11471 | D:11     | Noticed an oklob plant
 11476 | D:11     | Noticed an oklob plant
 11807 | D:11     | Noticed a red ugly thing
 11816 | D:11     | Killed a red ugly thing
 11912 | D:11     | Found a glowing silver altar of Zin.
 11975 | D:11     | Reached XP level 12. HP: 106/106 MP: 24/24
 12005 | D:11     | Identified the ring "Festralio" {rPois Str+5 Dex-2 Slay+4}
 12015 | D:11     | Learned a level 5 spell: Freezing Cloud
 12161 | D:11     | Found a staircase to the Orcish Mines.
 12202 | D:11     | Reached skill level 1 in Air Magic
 12297 | D:11     | Found a staircase to the Lair.
 12446 | Lair:1   | Entered Level 1 of the Lair of Beasts
 12456 | Lair:1   | Found a transporter.
 12490 | Lair:1   | Found a transporter.
 12904 | Lair:1   | Reached ***** piety under Vehumet
 12934 | Lair:1   | Offered knowledge of Conjure Ball Lightning by Vehumet.
 13277 | Lair:2   | Noticed a five-headed hydra
 13283 | Lair:2   | Killed a five-headed hydra
 13284 | Lair:2   | Reached skill level 11 in Fighting
 13303 | Lair:2   | Reached skill level 10 in Shields
 13577 | Lair:2   | Noticed a four-headed hydra
 13588 | Lair:2   | Killed a four-headed hydra
 13723 | Lair:2   | Reached XP level 13. HP: 105/116 MP: 23/25
 13755 | Lair:2   | Paralysed by a hornet for 3 turns
 13827 | Lair:2   | Identified the +3 halberd of the Tired Beggars {protect,
                  | Int+5}
 13870 | Lair:2   | Reached skill level 10 in Conjurations
 14494 | Lair:3   | Found a runed translucent door.
 14495 | Lair:3   | Noticed sn0wgr3's ghost (journeyman GrFi)
 14495 | Lair:3   | Identified the +6 spear "Qewaclus" {holy, rC+ rN+ Dex-4}
 14559 | Lair:3   | Reached skill level 12 in Fighting
 14636 | Lair:3   | Offered knowledge of Spellforged Servitor by Vehumet.
 15137 | Lair:3   | Killed sn0wgr3's ghost
 15459 | Lair:4   | Found a hole to the Spider Nest.
 15787 | Lair:4   | Found a staircase to the Shoals.
 15972 | Lair:4   | Gained mutation: You have acidic saliva. [Yellow Draconian
                  | growth]
 15972 | Lair:4   | Reached XP level 14. HP: 111/127 MP: 26/26
 16065 | Lair:4   | You fall into a shaft and drop 2 floors!
 16065 | Lair:6   | Entered Level 6 of the Lair of Beasts
 16341 | Lair:6   | Reached skill level 5 in Air Magic
 16517 | Lair:6   | Offered knowledge of Ozocubu's Refrigeration by Vehumet.
 16518 | Lair:6   | Reached skill level 13 in Fighting
 16927 | Lair:5   | Identified the +1 plate armour of the Land of Plenty
                  | {+Blink rCorr Int+4}
 17357 | Lair:5   | Found a runed translucent door.
 17357 | Lair:5   | Found a viscous altar of Jiyva.
 17357 | Lair:5   | Found a staircase to the Slime Pits.
 17357 | Lair:5   | Noticed an acid blob
 18024 | Lair:6   | Learned a level 6 spell: Iron Shot
 18278 | Lair:6   | Reached skill level 1 in Earth Magic
 18987 | Orc:1    | Entered Level 1 of the Orcish Mines
 19154 | Orc:2    | Entered Level 2 of the Orcish Mines
 19157 | Orc:2    | Found a staircase to the Elven Halls.
 19181 | Orc:2    | Found a runed translucent gate.
 19181 | Orc:2    | Found a runed translucent gate.
 19192 | Orc:2    | Offered knowledge of Lightning Bolt by Vehumet.
 19202 | Orc:2    | Found a gate leading to a gauntlet.
 19216 | Gauntlet | Entered a Gauntlet
 19216 | Gauntlet | Found a transporter.
 19216 | Gauntlet | Found a transporter.
 19216 | Gauntlet | Found a transporter.
 19268 | Gauntlet | Found a transporter.
 19272 | Gauntlet | Found a transporter.
 19282 | Gauntlet | Found a transporter.
 19286 | Gauntlet | Found a transporter.
 19300 | Gauntlet | Found a transporter.
 19317 | Gauntlet | Found a transporter.
 19334 | Gauntlet | Found a transporter.
 19338 | Gauntlet | Found a transporter.
 19348 | Gauntlet | Found a transporter.
 19524 | Gauntlet | Reached XP level 15. HP: 132/136 MP: 28/28
 19706 | Gauntlet | Identified the +10 demon trident of Painful Death {flame,
                  | Str+4 Int+4}
 19742 | Gauntlet | Identified the +0 scale mail of the Hippo {rCorr Int+3}
 19749 | Gauntlet | Identified the +1 ring mail of the Slightly Bent {-Tele
                  | rElec rPois}
 19793 | Orc:2    | Found a runed translucent gate.
 19952 | Orc:2    | Reached skill level 1 in Polearms
 20087 | Orc:2    | Reached skill level 14 in Fighting
 20171 | Orc:2    | Found Vumaones's Jewellery Emporium.
 20171 | Orc:2    | Found Yqyezxea's Armour Emporium.
 20180 | Orc:2    | Reached XP level 16. HP: 140/146 MP: 24/29
 20202 | Orc:2    | Found Xarox's Distillery.
 20205 | Orc:2    | Found Widghe Dohutz's Specific Store.
 20297 | Orc:2    | Found Purid's General Store.
 20301 | Orc:2    | Bought a potion of curing for 51 gold pieces
 20301 | Orc:2    | Bought a potion of curing for 51 gold pieces
 20315 | Orc:2    | Found Focvir Lewe's Jewellery Shoppe.
 20335 | Orc:2    | Bought a potion of heal wounds for 70 gold pieces
 20335 | Orc:2    | Bought a potion of heal wounds for 70 gold pieces
 20335 | Orc:2    | Bought a potion of curing for 42 gold pieces
 20335 | Orc:2    | Bought a potion of curing for 42 gold pieces
 20335 | Orc:2    | Bought a potion of heal wounds for 70 gold pieces
 20340 | Orc:2    | Bought a ring of willpower for 350 gold pieces
 20359 | Orc:2    | Noticed Tempus's ghost (journeyman DECj)
 20856 | Orc:1    | Found Xueho's Jewellery Emporium.
 20865 | Orc:1    | Offered knowledge of Orb of Destruction by Vehumet.
 21748 | D:12     | Reached skill level 5 in Earth Magic
 22595 | D:13     | Found a sparkling altar of Nemelex Xobeh.
 22999 | D:13     | Found a gate to the Vaults.
 23033 | D:13     | Reached skill level 5 in Polearms
 23507 | D:14     | You fall into a shaft and drop 1 floor!
 23507 | D:15     | Entered Level 15 of the Dungeon
 23708 | D:15     | Reached ****** piety under Vehumet
 23981 | D:15     | Found a staircase to the Depths.
 24455 | D:15     | Offered knowledge of Starburst by Vehumet.
 24468 | D:15     | Reached skill level 15 in Fighting
 25333 | Spider:1 | Entered Level 1 of the Spider Nest
 25788 | Spider:1 | Reached XP level 17. HP: 142/156 MP: 30/30
 25858 | Spider:1 | Reached skill level 15 in Shields
 26252 | Spider:1 | Offered knowledge of Eringya's Noxious Bog by Vehumet.
 28178 | Spider:3 | Noticed Arachne
 28201 | Spider:3 | Killed Arachne
 28600 | Spider:4 | Entered Level 4 of the Spider Nest
 28643 | Spider:4 | Reached skill level 16 in Fighting
 28692 | Spider:4 | Reached skill level 10 in Polearms
 28745 | Spider:4 | Offered knowledge of Lehudib's Crystal Spear by Vehumet.
 28745 | Spider:4 | Offered knowledge of Chain Lightning by Vehumet.
 28745 | Spider:4 | Offered knowledge of Maxwell's Capacitive Coupling by
                  | Vehumet.
 28801 | Spider:4 | Noticed Donald
 28814 | Spider:4 | Killed Donald
 30111 | Spider:4 | Reached XP level 18. HP: 168/168 MP: 5/31
 30114 | Spider:4 | Reached skill level 10 in Earth Magic
 30687 | Spider:4 | Got a gossamer rune of Zot
 30923 | Shoals:1 | Entered Level 1 of the Shoals
 32641 | Shoals:2 | Found a radiant altar of Vehumet.
 33078 | Shoals:3 | Reached skill level 17 in Fighting
 33932 | Shoals:4 | Entered Level 4 of the Shoals
 34021 | Shoals:4 | Got a barnacled rune of Zot
 34361 | Shoals:4 | Found the +7 mace of Variability {chain chaos}
 34846 | Shoals:4 | Reached XP level 19. HP: 174/177 MP: 24/32
 35457 | Vaults:1 | Entered Level 1 of the Vaults
 36869 | Vaults:1 | Reached skill level 5 in Necromancy
 36935 | Vaults:1 | Found a gateway to a bazaar.
 36968 | Bazaar   | Entered a bazaar
 36989 | Bazaar   | Found Haugyb's General Store.
 36989 | Bazaar   | Found Tihafuf's Book Shoppe.
 37011 | Bazaar   | Found Caux's Jewellery Emporium.
 37027 | Bazaar   | Found Qasanuatt's Assorted Antiques.
 37027 | Bazaar   | Found Vesiejir's Antique Armour Shoppe.
 37032 | Bazaar   | Bought a scroll of fear for 59 gold pieces
 37038 | Bazaar   | Bought a runed cloak for 180 gold pieces
 37065 | Bazaar   | Bought the Unrestrained Analects for 396 gold pieces
 37065 | Bazaar   | Bought a book of Decay for 270 gold pieces
 37071 | Bazaar   | Bought a potion of invisibility for 144 gold pieces
 37085 | Bazaar   | Bought a +4 ring of protection for 396 gold pieces
 37108 | Bazaar   | Found Vusiyl's Distillery.
 37108 | Bazaar   | Found Fustrad's Weapon Shoppe.
 37163 | Bazaar   | Bought a potion of heal wounds for 70 gold pieces
 37163 | Bazaar   | Bought a potion of heal wounds for 70 gold pieces
 37163 | Bazaar   | Bought a potion of cancellation for 112 gold pieces
 37163 | Bazaar   | Bought a potion of attraction for 42 gold pieces
 37163 | Bazaar   | Bought a potion of mutation for 112 gold pieces
 37163 | Bazaar   | Bought a potion of mutation for 112 gold pieces
 37163 | Bazaar   | Bought a potion of heal wounds for 70 gold pieces
 37163 | Bazaar   | Bought a potion of curing for 42 gold pieces
 37651 | Vaults:2 | Reached skill level 18 in Fighting
 37758 | Vaults:2 | Reached skill level 5 in Dodging
 37827 | Vaults:2 | Found Uhivur's Weapon Emporium.
 38189 | Vaults:2 | Found Dumo's Weapon Shoppe.
 38203 | Vaults:2 | Reached skill level 10 in Spellcasting
 38218 | Vaults:2 | Noticed a Brimstone Fiend
 38236 | Vaults:2 | Learned a level 2 spell: Blink
 38241 | Vaults:2 | Learned a level 4 spell: Dispel Undead
 38246 | Vaults:2 | Learned a level 4 spell: Animate Dead
 39009 | Vaults:2 | Reached XP level 20. HP: 188/189 MP: 22/34
 39229 | Vaults:2 | Found a staircase to the Crypt.
 40520 | Vaults:3 | Noticed Mara
 40547 | Vaults:3 | Noticed kekkuli's illusion
 40549 | Vaults:3 | Killed Mara
 40557 | Vaults:3 | Learned a level 6 spell: Death Channel
 41225 | Vaults:3 | Reached skill level 19 in Fighting
 42389 | Vaults:4 | Reached skill level 10 in Necromancy
 42459 | Vaults:4 | Found a gateway to a bazaar.
 42474 | Bazaar   | Entered a bazaar
 42478 | Bazaar   | Found Pipt's Distillery.
 42500 | Bazaar   | Found Ovistrae's Antique Armour Emporium.
 42521 | Bazaar   | Found Gesuro's Book Boutique.
 42541 | Bazaar   | Found Zidghiqenk's Jewellery Shoppe.
 42601 | Bazaar   | Bought a pair of glowing gloves for 142 gold pieces
 42601 | Bazaar   | Bought a pair of runed gloves for 142 gold pieces
 42639 | Bazaar   | Bought a potion of haste for 120 gold pieces
 42639 | Bazaar   | Bought a potion of haste for 120 gold pieces
 42639 | Bazaar   | Bought a potion of heal wounds for 60 gold pieces
 42639 | Bazaar   | Bought a potion of heal wounds for 60 gold pieces
 42706 | Vaults:4 | Reached skill level 1 in Evocations
 42749 | Vaults:4 | Noticed Aizul
 42762 | Vaults:4 | Killed Aizul
 42824 | Vaults:4 | Reached XP level 21. HP: 199/199 MP: 24/37
 43535 | Vaults:4 | Found a portal to a secret trove of treasure.
 44221 | Elf:1    | Entered Level 1 of the Elven Halls
 44226 | Elf:1    | Paralysed by an air elemental for 1 turns
 44250 | Elf:1    | Paralysed by an air elemental for 1 turns
 44333 | Elf:1    | Found a magical portal.
 44342 | WizLab   | Entered Zonguldrok's Shrine
 44640 | WizLab   | Reached skill level 20 in Fighting
 44695 | WizLab   | Reached skill level 5 in Evocations
 44717 | WizLab   | Noticed an antique lich
 44719 | WizLab   | Found the +9 sword of Zonguldrok {reap}
 44735 | WizLab   | Killed an antique lich
 45391 | Elf:1    | Got the Compendium of Stoicism
 46181 | Elf:2    | Found a runed translucent gate.
 46181 | Elf:2    | Found a runed translucent gate.
 46182 | Elf:2    | Found a runed translucent gate.
 46223 | Elf:2    | Paralysed by an air elemental for 1 turns
 46225 | Elf:2    | Paralysed by an air elemental for 1 turns
 46437 | Elf:2    | Noticed Puph's ghost (adept DrCj)
 46438 | Elf:2    | Found a transporter.
 46440 | Elf:2    | Found a transporter.
 47395 | Elf:2    | Slain by a +3 glaive of freezing

Illustrated notes

Levels and vault maps discovered:
D:1:      amcnicky_arrival_flooded_fountain, layout_loops_ring
D:2:      layout_rooms
D:3:      layout_loops_ring, minmay_misc_feat_tower, uniq_robin, uniq_natasha,
          uniq_ijyb
D:4:      layout_basic, lightli_ossuary_entry_decrepit_ruins, patterned_corridor
D:5:      layout_basic, minmay_temple_entry_stoned_glass, water_maze_lemuel,
          uniq_edmund, uniq_eustachio
D:6:      layout_loops_ring, makhleb_blood_cavern_becter, uniq_pikel,
          uniq_duvessa
D:7:      kennysheep_six_static_rooms, layout_gridville
D:8:      layout_loops_corners, serial_shops, nicolae_shop_behind_doors,
          uniq_prince_ribbit1, uniq_joseph, uniq_psyche
D:9:      layout_cross, serial_gnoll_camp, grums_kennel,
          gnoll_camp_mini_doghouse, gnoll_camp_mini_basic,
          gnoll_camp_mini_doghouse, serial_shops, shop_scrolls,
          columned_hall_lemuel
D:10:     minmay_tri_box, layout_basic, serial_co_window_serial,
          co_window_cross_1, co_window_corner_a, co_window_of_opportunity_a,
          co_window_paths_a, co_window_paths_a, co_window_corner_b,
          co_window_2corner, co_window_2corner, co_window_of_opportunity_b,
          co_window_of_opportunity_b, nicolae_underground_beach
D:11:     layout_roguey, dpeg_oklobed_lair, david_orc_1_choice, zin_statuary
D:12:     minmay_thinvault, layout_loops_corners
D:13:     layout_roguey, david_vaults_4, nemelex_diamond_rough_becter
D:14:     layout_stronghold, kennysheep_donut, serial_park_tiny_1
D:15:     hangedman_depths_entry_civil_slaughter, layout_irregular_city,
          minivault_24
Temple:   regret_index_temple_sigil_plot
Lair:1:   gammafunk_worm_tunnel, layout_regular_city,
          chequers_serial_rivers_small_b, infiniplex_staircase_pool_2
Lair:2:   cheibrodos_lair_overgrown_chateau, layout_long_grid,
          serial_bayou_lagoon_b
Lair:3:   layout_regular_city, ebering_ghost_funeral_grove,
          chequers_serial_rivers_large_a, beast_lair_carwin_11,
          grunt_megastairs_4
Lair:4:   layout_cave_pods, minmay_shoals_entry_lonely_mermaid,
          spider_nest_entry_webs, beast_lair_carwin_4
Lair:5:   layout_regular_city, slime_altar_2, minmay_lair_oklob_chamber
Lair:6:   minmay_lair_end_frog_pond, layout_cave_pods
Shoals:1: cheibrodos_shoals_roost, layout_shoals
Shoals:2: layout_shoals, nicolae_shoals_cliffside_cave, lemuel_centaur_altar
Shoals:3: layout_shoals, nicolae_shoals_dead_sea_scrolls
Shoals:4: shoals_end_grunt_garden, layout_shoals, nicolae_shoals_undead_eyrie
Spider:1: layout_spider_delve
Spider:2: layout_spider_delve
Spider:3: layout_spider_delve, drop_trap, uniq_arachne
Spider:4: guppyfry_spider_rune, nicolae_spider_some_kinda_spiderbox, uniq_donald
Orc:1:    layout_caves, serial_shops, nicolae_shop_stone, basic_altar
Orc:2:    st_orc_open, layout_caves, gauntlet_entry_generic,
          gammafunk_ghost_split, nicolae_specific_store, mines2_lemuel
Elf:1:    nicolae_elf_arrival_aired_out, layout_onion_city, mu_enter_wizlab_7,
          minmay_elf_annihilation
Elf:2:    elven_hall_of_blades_hangedman_original
          [nicolae_blade_entry_pointy_end], layout_onion_city,
          gammafunk_ghost_arena
Vaults:1: vaults_room_door_ring, nicolae_vaults_yaktaur_gun_rack,
          vaults_room_stairs_pillars, vaults_dpeg_encased_lava,
          vaults_room_pool, v_alt_pattern_2,
          vaults_room_grunt_arrival_checkpoint, v_misc_9,
          layout_vaults_quadrants, serial_shops, statue_bzr
Vaults:2: st_smaller_cells, grunt_vaults_twisty,
          minmay_crypt_entry_skeletal_spiral, nicolae_vaults_circle_grid_b,
          grunt_vaults_funnel, ontoclasm_vaults_twist, v_misc_33,
          vaults_dpeg_ring, hangedman_vaults_trim, v_misc_8,
          vaults_room_door_ring, dpeg_vaults_monster_box,
          grunt_vaults_hallway_short, vaults_room_fours,
          layout_vaults_chaotic_city, serial_shops, nicolae_shop_statue_plus
Vaults:3: ontoclasm_vaults_tryst, vaults_dpeg_diagonal, v_alt_pattern_1,
          v_alt_pattern_5, nicolae_vaults_diagonal_hallway_7,
          hangedman_vaults_capsules, v_misc_12, vaults_mumra_minichess,
          v_misc_14, vaults_room_semicircle, st_lattice,
          layout_vaults_big_cross, uniq_mara
Vaults:4: v_misc_29, vaults_standard_mumra_x, hangedman_vaults_stitches,
          hangedman_vaults_stretched_pinwheel, nicolae_vaults_network_s,
          nicolae_vaults_rhombus_7, v_misc_11,
          nicolae_vaults_windows_and_doors_thing,
          nicolae_vaults_little_squares_2, ontoclasm_vaults_loading_screen,
          st_spiral_rooms, layout_vaults_ring, serial_shops, bzr_entry_islet,
          enter_trove_3, uniq_aizul

Skill      XL: |  1  2  3  4  5  6  7  8  9 10 11 12 13 14 15 16 17 18 19 20 21 |
---------------+----------------------------------------------------------------+-----
Dodging        | 2 6 8 |  8.0
Fighting       | 1 2 3 4 5 6 8 10 11 12 13 14 15 16 17 18 19 20 | 20.5
Shields        | 1 2 3 4 6 7 9 10 11 13 14 15 | 15.0
Ice Magic      | 5 6 7 8 9 10 | 10.0
Spellcasting   | 3 4 5 6 7 8 9 10 12 | 12.0
Necromancy     | 3 7 10 12 | 12.2
Conjurations   | 1 6 9 11 | 11.7
Air Magic      | 4 6 |  6.0
Earth Magic    | 2 3 7 9 11 12 | 12.0
Polearms       | 2 6 11 13 14 | 14.0
Evocations     | 1 7 |  7.3
Stealth        | 4 |  4.9

Action                   |  1- 3 |  4- 6 |  7- 9 | 10-12 | 13-15 | 16-18 | 19-21 || total
-------------------------+-------+-------+-------+-------+-------+-------+-------++-------
Melee: Unarmed           |    15 |       |       |       |       |       |       ||    15
       Trident           |    41 |   253 |    16 |       |       |       |       ||   310
       Tailslap          |     4 |    24 |    29 |    36 |    52 |   122 |   142 ||   409
       Rapier            |       |       |    99 |     1 |       |       |       ||   100
       Flail             |       |       |    70 |   287 |   336 |       |       ||   693
       Bite              |       |       |       |       |    25 |    95 |   109 ||   229
       Demon trident     |       |       |       |       |    61 |  1121 |  1172 ||  2354
 Fire: Hunting sling     |    63 |       |   141 |    15 |   102 |    21 |       ||   342
Throw: Dart              |     1 |     4 |     5 |    19 |       |       |       ||    29
       Stone             |       |       |       |       |     1 |       |       ||     1
 Cast: Freeze            |    18 |    27 |     8 |    25 |    14 |     1 |       ||    93
       Frozen Ramparts   |       |     1 |    15 |    53 |    64 |    99 |    99 ||   331
       Ozocubu's Armour  |       |     1 |       |     9 |    27 |    43 |    41 ||   121
       Ensorcelled Hiber |       |     1 |       |       |       |     1 |       ||     2
       Freezing Cloud    |       |       |       |       |    13 |   123 |   184 ||   320
       Animate Skeleton  |       |       |       |       |     3 |       |       ||     3
       Iron Shot         |       |       |       |       |       |    18 |    11 ||    29
       Hailstorm         |       |       |       |       |       |     1 |       ||     1
       Dispel Undead     |       |       |       |       |       |       |     6 ||     6
       Death Channel     |       |       |       |       |       |       |     1 ||     1
 Abil: Breathe Acid      |       |       |       |       |     1 |     2 |     3 ||     6
Evoke: Wand              |       |     5 |       |     1 |     1 |     8 |     3 ||    18
  Use: Scroll            |       |     5 |     8 |    17 |     7 |       |     2 ||    39
       Potion            |       |       |       |     1 |     7 |     9 |     3 ||    20
 Stab: Sleeping          |       |     3 |     3 |     5 |     3 |     8 |    13 ||    35
       Distracted        |       |       |     1 |     1 |       |     4 |     3 ||     9
       Petrified         |       |       |       |       |     1 |     4 |       ||     5
       Paralysed         |       |       |       |       |       |     4 |       ||     4
Armor: Skin              |    37 |    96 |    88 |   204 |   329 |   782 |   236 ||  1772
Dodge: Dodged            |    60 |   153 |   135 |   155 |   316 |   610 |   239 ||  1668
Block: Tower shield      |       |       |    67 |   104 |       |       |       ||   171
       Kite shield       |       |       |       |   194 |   446 |  1071 |   420 ||  2131

Table legend: (Time is in decaauts)
 A = Elapsed time spent in this place.
 B = Non-inter-level travel time spent in this place.
 C = Inter-level travel time spent in this place.
 D = Time resting spent in this place.
 E = Time spent auto-exploring this place.
 F = Levels seen in this place.
 G = Mean time per level.
                   A        B        C        D        E       F      G
               +--------+--------+--------+--------+--------+-----+--------+
         Total |  47905 |  45552 |   2353 |   8754 |  25313 |  43 | 1114.1 |
       Dungeon |  15924 |  15044 |    880 |   2080 |   9517 |  15 | 1061.6 |
        Temple |    330 |    274 |     56 |      0 |    264 |   1 |  330.0 |
          Lair |   7012 |   6545 |    467 |    455 |   4350 |   6 | 1168.7 |
        Shoals |   4581 |   4381 |    200 |   1023 |   2375 |   4 | 1145.2 |
   Spider Nest |   5555 |   5336 |    219 |   1703 |   2238 |   4 | 1388.8 |
  Orcish Mines |   1771 |   1631 |    140 |    393 |    695 |   2 |  885.5 |
   Elven Halls |   2510 |   2480 |     30 |    446 |   1326 |   2 | 1255.0 |
        Vaults |   7952 |   7592 |    360 |   2163 |   3872 |   4 | 1988.0 |
        Bazaar |    391 |    391 |      0 |      0 |    211 |   2 |  195.5 |
       Ossuary |    812 |    812 |      0 |    230 |    199 |   1 |  812.0 |
        Wizlab |    476 |    476 |      0 |    104 |     66 |   1 |  476.0 |
      Gauntlet |    587 |    587 |      0 |    155 |    199 |   1 |  587.0 |
               +--------+--------+--------+--------+--------+-----+--------+

Top non-repeatable levels by time:
Vaults:2: 2427 daAuts
Vaults:3: 1860 daAuts
Vaults:4: 1853 daAuts
Spider:4: 1849 daAuts
Vaults:1: 1811 daAuts
  Lair:6: 1754 daAuts
Spider:1: 1638 daAuts
Spider:3: 1480 daAuts
     D:3: 1399 daAuts
Shoals:4: 1315 daAuts
  Lair:4: 1302 daAuts
   Elf:2: 1299 daAuts
    D:11: 1267 daAuts
    D:10: 1266 daAuts
Shoals:1: 1264 daAuts
